 Dungeon Crawl Stone Soup version 0.25.0-15-gac7dcb8 (webtiles) character file.

Game seed: 5557153942458978705

877 shmeve the Blocker (level 7, 66/66 HPs)
             Began as a Minotaur Berserker on June 28, 2020.
             Was a Believer of Trog.
             Quit the game on level 4 of the Dungeon.
             The game lasted 00:05:54 (3999 turns).

shmeve the Blocker (Minotaur Berserker)             Turns: 3999, Time: 00:05:55

Health: 66/66      AC:  2    Str: 24    XL:     7   Next: 75%
Magic:  6/6        EV: 12    Int:  5    God:    Trog [**....]
Gold:   186        SH:  6    Dex: 10    Spells: 6/6 levels left

rFire    + . .     SeeInvis .   a - +0 hand axe
rCold    . . .     Gourm    .   m - +0 buckler
rNeg     . . .     Faith    .   b - +0 animal skin
rPois    .         Spirit   .   (helmet restricted)
rElec    .         Reflect  .   (no cloak)
rCorr    .         Harm     .   (no gloves)
MR       .....                  (no boots)
Stlth    +.........             (no amulet)
HPRegen  0.21/turn              (no ring)
MPRegen  0.10/turn              (no ring)

@: no status effects
A: retaliatory headbutt, beak, horns 2, fire resistance 1, robust 1, inhibited
regeneration, strong 1
a: Berserk, Trog's Hand, Renounce Religion


You were on level 4 of the Dungeon.
You worshipped Trog.
Trog was pleased with you.
You were not hungry.

You visited 2 branches of the dungeon, and saw 5 of its levels.

You collected 186 gold pieces.

Inventory:

Hand Weapons
 a - a +0 hand axe (weapon)
Missiles
 h - 4 boomerangs of dispersal (quivered)
Armour
 b - a +0 animal skin (worn)
 m - a +0 buckler (worn)
Scrolls
 e - 6 scrolls of teleportation
 i - a scroll of fog {unknown}
 j - 2 scrolls of identify
 l - 2 scrolls of enchant armour {unknown}
 r - 3 scrolls of immolation {unknown}
 s - a scroll of remove curse {unknown}
Potions
 f - 2 potions of degeneration {unknown}
 g - a potion of stabbing {unknown}
 k - 2 potions of curing
 o - a potion of brilliance {unknown}
 q - a potion of invisibility {unknown}
Comestibles
 c - 5 rations


   Skills:
 * Level 4.6 Fighting
 * Level 4.6 Axes
 + Level 1.3 Throwing
 + Level 3.1 Armour
 + Level 2.8 Dodging
 * Level 8.9 Shields


You had 6 spell levels left.
You didn't know any spells.
Your spell library was empty.

Dungeon Overview and Level Annotations

Branches:
Dungeon (4/15)             Temple (1/1) D:4

Altars:
Ashenzari
Cheibriados
Fedhas
Makhleb
Okawaru
Qazlal
Ru
Trog
Vehumet
The Shining One


Innate Abilities, Weirdness & Mutations

You reflexively headbutt those who attack you in melee.
You have a pair of horns on your head.
You have a beak for a mouth.
Your flesh is heat resistant. (rF+)
You are robust. (+10% HP)
You do not regenerate when monsters are visible.
Your muscles are strong. (Str +2)


Message History

You closely miss the worker ant.
The worker ant is severely wounded.
The worker ant bites you.
You hit the worker ant.
The worker ant is almost dead.
The worker ant closely misses you. The worker ant barely misses you.
You hit the worker ant. You headbutt the worker ant.
You kill the worker ant!
Trog accepts your kill.
HP restored.
Done exploring.
Done exploring.
(D) Dungeon (T) Temple
Where to? (Enter - D:4, ? - help)
What level of the Dungeon? (default 1, ? - help)
Okay, then.
Unknown command.
Are you sure you want to abandon this character and quit the game? (Confirm with "yes".)
Okay, then.
Are you sure you want to abandon this character and quit the game? (Confirm with "yes".)

#.#####.### #.# #...#
#.#######.####
#.##....#....#
..##....#....#
........#....#
####....#....#
...#....#....# ######
...#....#....###@...#
#.......#......#.####
#....####....#.#.#
..#..##......#.#.#
.............#...###
.######.#....#.#...#
.# ###.######.##.##
#####.....#.......#
.#........###...###


There were no monsters in sight!

Vanquished Creatures
  Pikel (D:4)
  A slave (D:4)
  2 howler monkeys (D:4)
  2 orc priests (D:3)
  2 hounds (D:4)
  4 worker ants (D:4)
  4 adders
  A shadow imp (D:4)
  2 oozes (D:1)
  A dart slug (D:1)
  6 leopard geckos
  4 orcs
  A ball python (D:2)
  A giant cockroach (D:1)
  8 goblins
  10 hobgoblins
  5 jackals
  2 quokkas
  6 bats
  A frilled lizard (D:1)
  7 kobolds
  A quokka skeleton (D:4)
  8 rats
80 creatures vanquished.

Vanquished Creatures (others)
  2 worker ants (D:4)
  A dart slug (D:4)
  A leopard gecko (D:4)
4 creatures vanquished.

Grand Total: 84 creatures vanquished

Notes
Turn   | Place    | Note
-------+----------+-------------------------------------------
     0 | D:1      | shmeve the Minotaur Berserker began the quest for the Orb.
     0 | D:1      | Reached XP level 1. HP: 19/19 MP: 0/0
    62 | D:1      | Reached XP level 2. HP: 23/27 MP: 1/1
   732 | D:1      | Reached XP level 3. HP: 33/33 MP: 2/2
  1340 | D:2      | Reached skill level 1 in Shields
  1516 | D:2      | Reached ** piety under Trog
  1516 | D:2      | Reached skill level 2 in Shields
  1911 | D:2      | Reached XP level 4. HP: 40/40 MP: 3/3
  2302 | D:3      | Found a snail-covered altar of Cheibriados.
  2304 | D:3      | Found a burning altar of Makhleb.
  2304 | D:3      | Found a blossoming altar of Fedhas.
  2339 | D:3      | Reached skill level 3 in Shields
  2829 | D:3      | Reached skill level 4 in Shields
  2829 | D:3      | Reached XP level 5. HP: 37/46 MP: 4/4
  3069 | D:4      | Noticed Pikel
  3069 | D:4      | Noticed a slave
  3069 | D:4      | Noticed a slave
  3069 | D:4      | Noticed a slave
  3069 | D:4      | Noticed a slave
  3076 | D:4      | Reached skill level 5 in Shields
  3082 | D:4      | Killed Pikel
  3082 | D:4      | Reached skill level 8 in Shields
  3082 | D:4      | Reached XP level 6. HP: 30/52 MP: 5/5
  3082 | D:4      | Reached XP level 7. HP: 33/59 MP: 6/6
  3278 | D:4      | Reached skill level 1 in Throwing
  3526 | D:4      | Found a snail-covered altar of Cheibriados.
  3576 | D:4      | Found a staircase to the Ecumenical Temple.
  3605 | Temple   | Entered the Ecumenical Temple
  3610 | Temple   | Gained mutation: You do not regenerate when monsters are
                  | visible. [potion of mutation]
  3610 | Temple   | Gained mutation: You are agile. (Dex +2) [potion of
                  | mutation]
  3610 | Temple   | Gained mutation: You are somewhat resistant to further
                  | mutation. [potion of mutation]
  3611 | Temple   | Lost mutation: You are agile. (Dex +2) [potion of mutation]
  3611 | Temple   | Lost mutation: You are somewhat resistant to further
                  | mutation. [potion of mutation]
  3611 | Temple   | Gained mutation: You are robust. (+10% HP) [potion of
                  | mutation]
  3611 | Temple   | Gained mutation: You have a beak for a mouth. [potion of
                  | mutation]
  3611 | Temple   | Gained mutation: Your muscles are strong. (Str +2) [potion
                  | of mutation]
  3611 | Temple   | Gained mutation: Your flesh is heat resistant. (rF+)
                  | [potion of mutation]
  3999 | D:4      | Quit the game

Illustrated notes

Levels and vault maps discovered:
D:1:      mrwooster_arrival_statue_2, layout_loops_corners, minmay_tromino_v4_b
D:2:      layout_loops_corners, first_ration
D:3:      layout_basic, grunt_temple_overflow_open
D:4:      layout_basic, minmay_temple_entry_glassed_door,
          chequers_serial_rivers_micro_c, cheibriados_altar_1, uniq_pikel,
          uniq_duvessa
Temple:   regret_index_temple_mists

Skill      XL: |  1  2  3  4  5  6  7 |
---------------+----------------------+-----
Fighting       | 4 |  4.6
Axes           | 4 |  4.6
Shields        | 2 4 8 |  8.9
Throwing       | 1 |  1.3
Armour         | 3 |  3.1
Dodging        | |  2.8

Action                   |  1- 3 |  4- 6 |  7- 9 || total
-------------------------+-------+-------+-------++-------
Melee: Hand axe          |    70 |    62 |    42 ||   174
       Headbutt          |    12 |     7 |    10 ||    29
       Peck              |       |       |     1 ||     1
Invok: Berserk           |       |     2 |     1 ||     3
       Trog's Hand       |       |     1 |     1 ||     2
  Use: Scroll            |       |       |     4 ||     4
       Potion            |       |       |     2 ||     2
  Eat: Chunk             |     3 |     5 |     5 ||    13
Armor: Animal skin       |    13 |     7 |     4 ||    24
Dodge: Dodged            |    59 |    38 |    38 ||   135
Block: Buckler           |       |    19 |    11 ||    30
